 Dungeon Crawl Stone Soup version 0.22.1-1-ga44c0e5 (webtiles) character file.

123 Starchild the Poker (level 5, 0/38 HPs)
             Began as a Merfolk Gladiator on Sept 25, 2018.
             Slain by a hobgoblin
             ... wielding a +0 club
             ... led by Robin
              (6 damage)
             ... on level 3 of the Dungeon.
             The game lasted 00:06:07 (2201 turns).

Starchild the Poker (Merfolk Gladiator)             Turns: 2201, Time: 00:06:08

Health: 0/38       AC:  4    Str: 16    XL:     5   Next: 7%
Magic:  0/5        EV: 15    Int:  7    God:
Gold:   151        SH:  0    Dex: 15    Spells: 4/4 levels left

rFire    + . .     SeeInvis .   a - +0 trident
rCold    + . .     Gourm    .   (no shield)
rNeg     . . .     Faith    .   i - +0 robe {rC+ rF+}
rPois    .         Spirit   +   n - +2 hat
rElec    .         Reflect  .   p - scarf {Spirit}
rCorr    .         Harm     .   (no gloves)
MR       .....                  (no boots)
Stlth    +.........             t - amulet of the acrobat
HPRegen  0.12/turn              (no ring)
MPRegen  0.09/turn              (no ring)

@: no status effects
A: change form in water, swift swim, stealthy swim
a: no special abilities


You were on level 3 of the Dungeon.
You were not hungry.

You visited 1 branch of the dungeon, and saw 3 of its levels.

You collected 151 gold pieces.

Inventory:

Hand Weapons
 a - a +0 trident (weapon)
Missiles
 d - 3 throwing nets
 j - 68 stones (quivered)
Armour
 i - a +0 robe of resistance (worn)
 n - a +2 hat (worn)
 p - a scarf of spirit shield (worn)
Jewellery
 t - an amulet of the acrobat (around neck)
Scrolls
 b - 3 scrolls of amnesia
 g - 3 scrolls of identify
Potions
 c - a potion of haste {unknown}
 e - 3 potions of curing
 h - a potion of degeneration {unknown}
 k - 3 potions of brilliance {unknown}
 l - a potion of berserk rage {unknown}
 q - 2 potions of heal wounds {unknown}
 r - 2 potions of agility {unknown}
 s - a potion of ambrosia {unknown}
Comestibles
 f - 3 rations


   Skills:
 - Level 2.1 Fighting
 + Level 7.0 Polearms
 - Level 2.0 Throwing
 + Level 5.4 Dodging


You had 4 spell levels left.
You didn't know any spells.
Your spell library was empty.

Dungeon Overview and Level Annotations

Branches:
Dungeon (3/15)

Altars:
Dithmenos
Sif Muna

Annotations:
D:3 Robin


Message History

The goblin misses you. Robin throws the goblin at you!
You closely miss the goblin. The goblin barely misses you.
The goblin hits you with a club.
You puncture the goblin!
You kill the goblin!
The goblin closely misses you.
You closely miss the hobgoblin. The hobgoblin hits you with a club.
* * * LOW HITPOINT WARNING * * *
Robin throws the goblin at you!
* * * LOW HITPOINT WARNING * * *
You hit the goblin.
The goblin is moderately wounded.
The goblin hits you with a dagger.
* * * LOW HITPOINT WARNING * * *
The hobgoblin closely misses you. Robin misses you.
You completely miss the goblin.
The goblin is moderately wounded.
The goblin closely misses you. The hobgoblin hits you with a club!
You die...

##############
#............#
#######............#
#.g@g..............#
#g#####.......######
#†#...#...÷...######
#g#.#.#...)...>.....
#..†..#...)....#####
###)###.##+###.#
#.).#....# #.#
###.###### #.# ## #
#)# #.# ##<


You could see Robin, a hobgoblin and a goblin.

Vanquished Creatures
  Jessica (D:3)
  2 adders
  An ooze (D:1)
  2 worms
  A dart slug (D:1)
  A leopard gecko (D:2)
  5 orcs (D:3)
  2 giant cockroaches
  13 goblins
  6 hobgoblins
  2 quokkas (D:3)
  5 bats
  5 frilled lizards
  6 kobolds
  7 rats
59 creatures vanquished.

Notes
Turn   | Place    | Note
-------+----------+-------------------------------------------
     0 | D:1      | Starchild the Merfolk Gladiator began the quest for the
                  | Orb.
     0 | D:1      | Reached XP level 1. HP: 16/16 MP: 1/1
    91 | D:1      | Reached XP level 2. HP: 13/22 MP: 2/2
   209 | D:1      | Reached skill level 5 in Polearms
   918 | D:2      | Reached XP level 3. HP: 27/27 MP: 3/3
  1653 | D:3      | Found a deep blue altar of Sif Muna.
  1698 | D:3      | Reached skill level 5 in Dodging
  1743 | D:3      | Noticed Jessica
  1768 | D:3      | Killed Jessica
  1768 | D:3      | Reached skill level 6 in Polearms
  1768 | D:3      | Reached XP level 4. HP: 22/33 MP: 2/4
  1790 | D:3      | Found a shadowy altar of Dithmenos.
  2145 | D:3      | Reached XP level 5. HP: 20/38 MP: 3/5
  2160 | D:3      | Noticed Robin
  2177 | D:3      | Reached skill level 7 in Polearms
  2201 | D:3      | Slain by a hobgoblin

Skill      XL: |  1  2  3  4  5 |
---------------+----------------+-----
Polearms       | 5 6 7 |  7.0
Dodging        | 5 |  5.4
Fighting       | |  2.1
Throwing       | |  2.0

Action                   |  1- 3 |  4- 6 || total
-------------------------+-------+-------++-------
Melee: Trident           |   135 |    92 ||   227
  Use: Scroll            |     3 |     2 ||     5
       Potion            |       |     1 ||     1
 Stab: Sleeping          |     2 |       ||     2
  Eat: Chunk             |     2 |     2 ||     4
Armor: Leather armour    |    32 |       ||    32
       Robe              |       |    21 ||    21
Dodge: Dodged            |    92 |    84 ||   176
